Map: Base du roi Sejong EC

Players

zidar

  • Race: Zerg Zerg
  • League: Platinum
  • Spawn Location: 11:00

Szary - Winner!

  • Race: Protoss Protoss
  • League: Platinum
  • Spawn Location: 5:00

VOD

Have the link to the VOD?

Description

Time

  • Played on: Nov. 1, 2016, 4:05 p.m.
  • Length: 11:14
Show
View Real Time Build Order
Export as new Build Order

zidar Zerg 

Build Orders: Hatch First 

Get SALT Encoding   

  12  0:02  Drone  
  13  0:12  Overlord  
  13  0:17  Drone  
  14  0:31  Drone x2  
  16  0:52  Hatchery  
  15  1:25  Spawning Pool  
  14  1:32  Drone  
  14  1:33  Drone  
  16  1:41  Extractor  
  15  2:02  Drone x3  
  18  2:08  Overlord  
  18  2:15  Zergling x2  
  19  2:18  Zergling x2  
  20  2:23  Queen  
  21  2:40  Zergling x6  
  21  2:43  Metabolic Boost  
  24  2:49  Extractor  
  23  2:57  Queen  
  25  3:11  Baneling Nest  
  24  3:35  Drone x6  
  30  3:52  Drone x3  
  33  3:56  Drone  
  34  4:08  Evolution Chamber, Drone x2  
  34  4:09  Drone  
  36  4:18  Overlord  
  36  4:44  Lair  
  36  4:49  Drone x4  
  36  4:50  Hatchery  
  39  4:56  Baneling  
  39  4:57  Baneling x3  
  39  5:03  Drone  
  40  5:07  Drone  
  41  5:19  Pneumatized Carapace  
  41  5:23  Baneling  
  41  5:26  Extractor  
  40  5:29  Extractor, Drone x5  
  40  5:33  Overlord x2  
  44  5:49  Overlord  
  44  5:50  Overlord  
  44  5:53  Drone x5  
  44  5:54  Drone  
  50  6:10  Zergling x2  
  50  6:11  Zergling x10  
  56  6:20  Queen  
  56  6:38  Hydralisk Den  
  55  6:41  Zerg Missile Weapons Level 1  
  55  6:54  Overlord x2  
  55  6:55  Overlord  
  55  7:09  Hydralisk x9  
  66  7:30  Hydralisk x6  
  66  7:36  Muscular Augments  
  78  7:43  Drone x4  
  82  7:46  Drone x4  
  86  7:55  Hydralisk x3  
  94  8:12  Drone x2  
  94  8:20  Hydralisk  
  94  8:21  Hydralisk  
  94  8:24  Overseer  
  98  8:27  Overlord x3  
  98  8:41  Zerg Missile Weapons Level 2  
  98  8:48  Hydralisk x9  
  98  8:53  Drone  
  117  9:01  Lurker Den  
  117  9:11  Infestation Pit  
  116  9:17  Zergling x2  
  116  9:18  Zergling x10  
  116  9:22  Overlord x5  
  114  10:18  Hydralisk x12  
  114  10:19  Hydralisk x6  
Show
View Real Time Build Order
Export as new Build Order

Szary Protoss - Winner!

Build Orders: Forge Fast Expand (FFE) 

Get SALT Encoding   

  12  0:01  Probe (Chrono Boost)  
  13  0:13  Pylon  
  13  0:18  Probe (Chrono Boost)  
  14  0:34  Forge  
  14  0:36  Probe (Chrono Boost)  
  15  0:51  Pylon  
  14  1:23  Assimilator  
  14  1:29  Gateway  
  14  1:37  Nexus  
  14  1:40  Pylon  
  14  1:44  Probe (Chrono Boost)  
  15  1:54  Probe (Chrono Boost)  
  16  2:04  Photon Cannon  
  16  2:05  Probe (Chrono Boost)  
  18  2:15  Probe (Chrono Boost)  
  18  2:18  Cybernetics Core  
  18  2:38  Probe (Chrono Boost)  
  19  2:49  Probe (Chrono Boost)  
  19  2:50  Photon Cannon  
  19  2:51  Probe (Chrono Boost), Photon Cannon  
  21  3:03  Probe (Chrono Boost)  
  22  3:13  Probe (Chrono Boost)  
  22  3:19  Assimilator  
  23  3:24  Probe (Chrono Boost)  
  24  3:36  Stargate  
  24  3:37  Probe (Chrono Boost)  
  25  3:42  Probe (Chrono Boost)  
  25  3:45  Assimilator  
  26  3:52  Probe (Chrono Boost)  
  28  4:03  Probe (Chrono Boost)  
  28  4:06  Probe (Chrono Boost)  
  29  4:13  Probe (Chrono Boost)  
  29  4:17  Probe (Chrono Boost)  
  31  4:24  Probe (Chrono Boost)  
  32  4:25  Nexus, Void Ray (Chrono Boost)  
  32  4:26  Pylon  
  35  4:37  Adept (Chrono Boost)  
  37  4:52  Probe  
  37  4:56  Probe  
  39  5:02  Probe  
  40  5:07  Stargate  
  40  5:08  Probe  
  40  5:09  Stargate  
  40  5:10  Void Ray  
  40  5:12  Pylon x2  
  45  5:17  Pylon  
  45  5:21  Probe  
  45  5:26  Protoss Air Weapons Level 1 (Chrono Boost)  
  46  5:30  Probe  
  46  5:31  Probe  
  48  5:42  Probe  
  49  5:43  Protoss Shields Level 1  
  49  5:47  Assimilator  
  49  5:54  Void Ray  
  53  6:00  Probe  
  53  6:02  Probe  
  55  6:11  Probe  
  55  6:14  Probe  
  55  6:15  Nexus  
  55  6:17  Pylon  
  57  6:19  Void Ray  
  61  6:41  Probe  
  61  6:42  Probe  
  63  6:50  Photon Cannon  
  63  6:52  Photon Cannon  
  63  6:53  Probe x2, Photon Cannon  
  64  6:55  Void Ray  
  69  7:05  Void Ray  
  72  7:27  Probe  
  74  7:30  Probe x2  
  75  7:37  Probe  
  75  7:40  Probe  
  75  7:41  Pylon  
  75  7:42  Void Ray, Probe, Pylon  
  82  7:47  Pylon  
  82  7:48  Probe  
  82  7:51  Probe, Protoss Air Armor Level 1 (Chrono Boost)  
  83  7:54  Probe  
  85  7:59  Void Ray  
  85  8:01  Probe  
  90  8:05  Probe  
  90  8:06  Probe  
  90  8:12  Probe, Assimilator  
  92  8:16  Probe  
  92  8:17  Assimilator  
  92  8:18  Probe  
  92  8:19  Void Ray, Pylon  
  99  8:20  Pylon  
  99  8:25  Void Ray  
  103  8:46  Robotics Facility  
  103  8:48  Robotics Facility  
  103  8:52  Pylon  
  103  8:53  Pylon  
  103  8:54  Pylon  
  103  9:04  Probe  
  103  9:05  Probe  
  103  9:06  Probe, Photon Cannon  
  103  9:07  Photon Cannon  
  103  9:09  Photon Cannon  
  106  9:12  Photon Cannon x2  
  106  9:14  Probe  
  106  9:16  Probe  
  107  9:18  Probe  
  109  9:25  Probe  
  109  9:30  Warp Gate (Chrono Boost)  
  110  9:40  Void Ray x3, Nexus  
  110  9:42  Pylon  
  110  9:45  Pylon  
  122  9:50  Gateway  
  122  9:56  Gateway x2  
  122  10:00  Gateway  
Tags
 
Add a new tag
Caveats
  • Supply blocks, unpowered buildings, or Contaminate may cause inaccurate times.
  • Supply counts are checked every 10 seconds.